 Dungeon Crawl Stone Soup version 0.20.1-1-g8b1a95d66d (webtiles) character file.

142 Peloso the Covered (level 5, -3/36 HPs)
             Began as a Halfling Fighter on Dec 3, 2017.
             Slain by an ogre
             ... wielding a +0 giant club
              (6 damage)
             ... on level 4 of the Dungeon.
             The game lasted 00:03:31 (1952 turns).

Peloso the Covered (Halfling Fighter)               Turns: 1952, Time: 00:03:32

Health: -3/36      AC:  8    Str: 18    XL:     5   Next: 50%
Magic:  5/5        EV:  9    Int:  6    God:
Gold:   108        SH: 10    Dex: 14    Spells: 4/4 levels left

rFire    + . .     SeeInvis .   a - +0 long sword
rCold    x . .     Gourm    .   c - +0 shield
rNeg     . . .     Faith    .   b - +0 scale mail
rPois    .         Spirit   .   n - +0 helmet
rElec    .         Reflect  .   (no cloak)
rCorr    .         Harm     .   (no gloves)
MR       .....                  (no boots)
Stlth    ..........             (no amulet)
Regen    0.2/turn               e - ring of fire
MPRegen  0.1/turn               (no ring)

@: no status effects
A: mutation resistance 1
a: no special abilities


You were on level 4 of the Dungeon.
You were hungry.

You visited 1 branch of the dungeon, and saw 4 of its levels.

You collected 108 gold pieces.

Inventory:

Hand Weapons
 a - a +0 long sword (weapon)
Armour
 b - a +0 scale mail (worn)
 c - a +0 shield (worn)
 n - a +0 helmet (worn)
Jewellery
 e - a ring of fire (left hand)
Scrolls
 i - 3 scrolls of remove curse {unknown}
 k - a scroll of amnesia {unknown}
 l - a scroll of teleportation {unknown}
 m - a scroll of enchant armour {unknown}
 p - a scroll of blinking {unknown}
Potions
 d - a potion of might
 g - 2 potions of curing {unknown}
 h - 2 potions of cancellation {unknown}
 o - a potion of lignification {unknown}
 q - 3 potions of brilliance {unknown}
 r - a potion of haste {unknown}
 s - a potion of agility {unknown}
Comestibles
 f - 8 bread rations
 j - 3 fruits


   Skills:
 + Level 3.1 Fighting
 + Level 3.5 Long Blades
 + Level 4.1 Armour
 + Level 0.7 Dodging
 + Level 0.8 Stealth
 + Level 4.0 Shields


You had 4 spell levels left.
You didn't know any spells.

Dungeon Overview and Level Annotations

Branches:
Dungeon (4/15)
 Temple: D:4-7

Altars:

Annotations:
D:3 Regynild's ghost, amateur HOMo


Innate Abilities, Weirdness & Mutations

You are small and have problems with some larger weapons.
You are somewhat resistant to further mutation.


Message History

The ogre moves out of view.
A quokka is nearby!
A quokka is nearby!
A quokka is nearby!
A quokka is nearby!
Found 16 stones.
The quokka bites you but does no damage.
The ogre hits you with a giant club.
You hit the quokka.
The quokka is heavily wounded.
You block the quokka's attack. The ogre hits you with a giant club!!
Ouch! That really hurt!
* * * LOW HITPOINT WARNING * * *
The quokka bites you but does no damage.
You barely miss the quokka.
The quokka is heavily wounded.
The quokka bites you.
* * * LOW HITPOINT WARNING * * *
The ogre hits you with a giant club.
You die...

####........ #.# #.#
#.###.### .# ##†..#.#
###(# #......###.#.#...#
###................#
.........###.###...#####
###.....................
##..###.##(# #rO......
.###.........# #@#
..........##.###.#
..#######......#.# ### .
#.##.#.#.#.....
#.##.#...>......
#.##..#.........
#.##.###.#...... #.#.##
##....... #..# #>.....


You could see an ogre and a quokka.

Vanquished Creatures
  Natasha (twice) (D:2)
  3 adders
  2 oozes
  3 worms (D:2)
  A dart slug (D:2)
  3 leopard geckos
  3 orcs (D:3)
  2 giant cockroaches
  5 goblins
  5 hobgoblins
  A kobold (D:2)
  2 quokkas (D:2)
  7 bats
  A frilled lizard (D:1)
  3 rats
43 creatures vanquished.

Notes
Turn   | Place    | Note
-------+----------+-------------------------------------------
     0 | D:1      | Peloso the Halfling Fighter began the quest for the Orb.
     0 | D:1      | Reached XP level 1. HP: 15/15 MP: 1/1
   215 | D:1      | Reached XP level 2. HP: 18/20 MP: 2/2
   605 | D:2      | Reached XP level 3. HP: 17/25 MP: 3/3
   811 | D:2      | Noticed Natasha
   827 | D:2      | Killed Natasha
   827 | D:2      | Reached XP level 4. HP: 17/31 MP: 4/4
  1249 | D:2      | Noticed Natasha
  1265 | D:2      | Killed Natasha
  1265 | D:2      | Reached XP level 5. HP: 13/36 MP: 5/5
  1666 | D:3      | Noticed Regynild's ghost (amateur HOMo)
  1947 | D:4      | Noticed an ogre
  1952 | D:4      | Slain by an ogre

Skill      XL: |  1  2  3  4  5 |
---------------+----------------+-----
Fighting       | 3 |  3.1
Long Blades    | 3 |  3.5
Armour         | 4 |  4.1
Shields        | 4 |  4.0
Dodging        | |  0.7
Stealth        | |  0.8

Action                   |  1- 3 |  4- 6 || total
-------------------------+-------+-------++-------
Melee: Long sword        |    79 |   101 ||   180
  Eat: Chunk             |       |     3 ||     3
Armor: Scale mail        |    37 |    45 ||    82
Dodge: Dodged            |    24 |    52 ||    76
Block: Shield            |    50 |    62 ||   112
       Rpst.: Long sword |    11 |    17 ||    28
